AoeStats
← Johnley oner

Pilgrims

510263886Analyzed
3v3 RM · 1d ago on Sep 30, 2026· 51m 47s· 6 players
Game mode
Random Map
Map size
Normal (6 player)
Population
200
Speed
Normal
Resources
Standard
Victory
Conquest
Starting age
Dark Age
Ending age
Imperial Age
RankedLock teamsTeams togetherTeam positionsShared explorationLock speedFull tech treeHidden civsTurbo modeCheats
Victory
Defeat
🇮🇹 Romans · Italy
1108
+8
🇧🇪 Chinese · Belgium
909
+15
🇨🇳 Spanish · China
897
+15
🇺🇸 Inca · United States
972
-16
🇦🇺 Lithuanians · Australia
890
-12
🇦🇺 Varangians · Australia
823
-10
georgke.be
3:44 Loom
11:46 Feudal Age
13:13 Double-Bit Axe
18:23 Castle Age
16:39 Gold Mining
16:36 Horse Collar
17:52 Wheelbarrow
17:09 Fletching
17:19 Padded Archer Armor
20:14 Gold Shaft Mining
19:32 Stone Mining
22:00 Stone Shaft Mining
23:05 Medium Warships
24:29 Hand Cart
24:02 Town Watch
27:34 Thumb Ring
29:16 Ballistics
29:08 Masonry
29:46 Town Patrol
31:02 Heavy Plow
31:36 Bow Saw
37:32 Imperial Age
37:03 Bodkin Arrow
39:20 Chemistry
38:50 Architecture
38:16 Murder Holes
38:38 Leather Archer Armor
38:23 Bracer
38:07 Pikeman
39:30 Forging
39:50 Ring Archer Armor
39:26 Scale Barding Armor
39:24 Scale Mail Armor
42:19 Elite Chu Ko Nu
47:08 Spies/Treason
50:19 Heavy Warships
Khruner
10:22 Loom
12:20 Feudal Age
18:45 Castle Age
16:25 Man-at-Arms
18:43 Forging
18:33 Scale Mail Armor
20:43 Horse Collar
20:47 Pikeman
20:49 Long Swordsman
28:58 Wheelbarrow
28:51 Town Watch
29:23 Squires
33:55 Imperial Age
32:10 Chain Mail Armor
32:14 Gold Mining
32:12 Double-Bit Axe
32:29 Heavy Plow
33:32 Iron Casting
34:22 Gold Shaft Mining
34:05 Hand Cart
34:53 Halberdier
34:58 Capped Ram
37:00 Bow Saw
37:10 Legionary
39:07 Conscription
39:02 Siege Ram
41:37 Blast Furnace
40:43 Scale Barding Armor
41:45 Comitatenses
46:53 Spies/Treason
49:35 Demolition Ship
76561198104589261
3:34 Loom
11:21 Feudal Age
17:30 Castle Age
16:54 Double-Bit Axe
20:07 Bow Saw
19:38 Horse Collar
21:22 Heavy Plow
21:46 Gold Mining
23:52 Fishing Lines
24:32 Stone Mining
29:07 Wheelbarrow
32:15 Imperial Age
31:06 Hand Cart
30:48 Gillnets
33:19 Conscription
33:10 Husbandry
33:21 Bloodlines
32:33 Cavalier
34:29 Stone Shaft Mining
34:55 Two-Man Saw
35:47 Paladin
37:52 Scale Barding Armor
37:59 Forging
39:41 Pikeman
40:22 Squires
40:08 Arson
40:09 Gambesons
40:36 Fletching
40:47 Scale Mail Armor
40:10 Halberdier
42:00 Elite Skirmisher
45:52 Chain Barding Armor
46:08 Iron Casting
46:56 Elite Conquistador
48:24 Plate Barding Armor
48:51 Blast Furnace
48:53 Spies/Treason
50:36 Medium Warships
51:00 Demolition Ship
Johnley oner
4:17 Loom
13:20 Feudal Age
13:51 Fishing Lines
14:50 Wheelbarrow
14:03 Double-Bit Axe
13:59 Horse Collar
14:22 Gold Mining
20:19 Castle Age
20:02 Stone Mining
21:15 Hand Cart
21:13 Bow Saw
21:10 Heavy Plow
21:34 Medium Warships
23:48 Fletching
25:21 Murder Holes
27:57 Gillnets
30:48 Bodkin Arrow
32:11 Squires
32:30 Forging
35:34 Gold Shaft Mining
36:36 Iron Casting
36:01 Scale Mail Armor
39:12 Imperial Age
39:22 Chain Mail Armor
44:53 Plate Mail Armor
45:24 Blast Furnace
45:02 Elite Kamayuk
46:58 Heavy Warships
Hetairoi
10:59 Loom
12:46 Feudal Age
13:50 Double-Bit Axe
14:18 Fishing Lines
18:12 Castle Age
16:47 Gold Mining
16:48 Stone Mining
18:09 Scale Barding Armor
19:16 Wheelbarrow
19:16 Bow Saw
19:25 Gillnets
21:48 Fletching
21:43 Horse Collar
22:58 Heavy Plow
25:54 Medium Warships
28:39 Stone Shaft Mining
28:24 Hand Cart
29:34 Bodkin Arrow
30:46 Town Watch
32:53 Chain Barding Armor
36:21 Imperial Age
34:19 Masonry
34:37 Ballistics
36:08 Forging
35:56 Vendel Legacy
37:14 Careening
37:35 Bloodlines
36:47 Cavalier
38:11 Husbandry
38:59 Conscription
40:22 Chemistry
39:28 Siege Engineers
40:45 Elite Skirmisher
40:49 Heavy Scorpion
42:07 Bracer
42:43 Iron Casting
42:41 Padded Archer Armor
Lyndizzle
12:07 Feudal Age
20:21 Castle Age
18:11 Horse Collar
19:29 Double-Bit Axe
20:27 Wheelbarrow
24:16 Hand Cart
28:38 Imperial Age
26:20 Heavy Plow
27:45 Bow Saw
32:03 Chemistry
32:13 Bloodlines
34:28 Light Cavalry
35:26 Pikeman
37:41 Husbandry
37:08 Halberdier
40:26 Cavalier
Connection lost

Rejoining the realm…

Still unreachable

The connection could not be restored.

Session expired

The server has moved on; the page needs a fresh start.